 Dungeon Crawl Stone Soup version 0.31.0-1-g2c135a0 (webtiles) character file.

Game seed: 5017466907748582045

77 jagoly the Trooper (level 4, -6/29 HPs)
             Began as a Gargoyle Monk on Feb 1, 2024.
             Killed by divine providence
             ... invoked by an orc priest
              (11 damage)
             ... on level 3 of the Dungeon.
             The game lasted 00:04:58 (580 turns).

jagoly the Trooper (Gargoyle Monk)                   Turns: 580, Time: 00:04:59

Health: -6/29      AC:  6    Str: 16    XL:     4   Next: 33%
Magic:  4/4        EV: 12    Int: 11    God:
Gold:   85         SH:  0    Dex: 12    Spells: 3/3 levels left

rFire   . . .        a - +0 hand axe
rCold   . . .        d - orb {light}
rNeg    + . .        b - +0 robe
rPois   ∞            (no helmet)
rElec   +            (no cloak)
rCorr   .            (no gloves)
SInv    +            f - +0 pair of boots
Will    .....        (no amulet)
Stlth   +            m - ring of see invisible
HPRegen 0.24/turn    (no ring)
MPRegen 0.09/turn

%: no passive effects
@: glowing
A: sickness immunity, AC +3, negative energy resistance 1, electricity
resistance, torment resistance 1, petrification resistance
a: no special abilities


You were on level 3 of the Dungeon.
You visited 1 branch of the dungeon, and saw 3 of its levels.

You collected 85 gold pieces.

Inventory:

Hand Weapons
 a - a +0 hand axe (weapon)
Missiles
 h - 6 stones (quivered)
 r - 5 curare-tipped darts
Armour
 b - a +0 robe (worn)
 d - an orb of light (worn)
 f - a +0 pair of boots (worn)
Jewellery
 m - a ring of see invisible (left hand)
Wands
 q - a wand of quicksilver (7)
Scrolls
 e - a scroll of noise {unknown}
 k - a scroll of revelation {unknown}
 l - a scroll of blinking {unknown}
 n - 2 scrolls of identify {unknown}
 o - 2 scrolls of fog {unknown}
Potions
 c - 2 potions of ambrosia
 g - 2 potions of degeneration {unknown}
 i - 3 potions of haste {unknown}
 j - a potion of attraction {unknown}
 p - 2 potions of heal wounds {unknown}


   Skills:
 + Level 3.8 Fighting
 * Level 3.5 Axes
 + Level 1.4 Armour
 + Level 2.8 Dodging
 - Level 1.0 Stealth


You had 3 spell levels left.
You didn't know any spells.
Your spell library was empty.

Dungeon Overview and Level Annotations

Branches:
Dungeon (3/15) Zot: 17403

Altars:

Shops:
D:2 (


Innate Abilities, Weirdness & Mutations

You are immune to sickness and miasma.
Your stone body is resilient. (AC +3)
You are immune to poison.
You resist negative energy. (rN+)
You are resistant to electric shocks. (rElec)
You are resistant to unholy torment.
You are immune to petrification.


Message History

The quokka closely misses you. The quokka bites you.
You hit the quokka but do no damage. The quokka bites you.
You barely miss the quokka. The quokka closely misses you.
You hit the quokka but do no damage. The quokka bites you.
The quokka closely misses you.
You hit the quokka but do no damage.
The quokka bites you but does no damage.
You barely miss the quokka. The quokka completely misses you.
The quokka closely misses you.
You hit the quokka.
You kill the quokka!
No target in view!
You now have 28 gold pieces (gained 9).
You now have 44 gold pieces (gained 16).
HP restored.
An endoplasm comes into view.
The endoplasm quivers.
An endoplasm is nearby!
The endoplasm jiggles.
The endoplasm freezes you.
You are frozen.
You hit the endoplasm.
The endoplasm is heavily wounded.
The endoplasm barely misses you.
You hit the endoplasm.
The endoplasm is severely wounded.
The endoplasm barely misses you.
You hit the endoplasm.
The endoplasm is almost dead.
The endoplasm freezes you.
You are frozen.
You hit the endoplasm but do no damage.
The endoplasm is almost dead.
The endoplasm hits you but does no damage.
You hit the endoplasm.
You kill the endoplasm!
Your Axes skill increases to level 3!
A ball python and a frilled lizard come into view.
The ball python hisses angrily.
The frilled lizard hisses angrily.
The frilled lizard moves out of view.
The ball python barely misses you. The ball python grabs you.
The ball python constricts you.
You hit the ball python.
You kill the ball python!
You hit the frilled lizard.
You kill the frilled lizard!
No target in view!
No target in view!
HP restored.
A ball python comes into view.
A ball python is nearby!
A ball python is nearby!
Found 3 gold pieces.
The ball python hisses angrily.
You hit the ball python.
You kill the ball python!
No target in view!
A ball python comes into view.
The ball python hisses angrily.
You see here 3 gold pieces.
Found 8 gold pieces.
The ball python attacks as it pursues you!
The ball python barely misses you. The ball python grabs you.
The ball python constricts you.
You see here 3 gold pieces.
You now have 47 gold pieces (gained 3).
The ball python bites you but does no damage.
The ball python constricts you.
You slash the ball python!
You kill the ball python!
No target in view!
No target in view!
You see here a ball python corpse.
Unknown command.
Unknown command.
Unknown command.
A bat comes into view.
Found a stone staircase leading down.
The bat barely misses you.
You hit the bat.
The bat is heavily wounded.
The bat misses you.
A frilled lizard comes into view.
The bat closely misses you.
You hit the bat.
You kill the bat!
A bat and a ball python come into view.
Found a stone staircase leading down.
The ball python moves out of view.
The bat barely misses you.
You hit the bat.
The bat is severely wounded.
You hit the frilled lizard.
You kill the frilled lizard!
The bat barely misses you. The bat hits you but does no damage.
You hit the bat.
You kill the bat!
You hit the ball python but do no damage.
The ball python misses you. The ball python grabs you.
The ball python constricts you.
You hit the ball python.
You kill the ball python!
No target in view!
No target in view!
No target in view!
You now have 55 gold pieces (gained 8).
A bat comes into view.
The bat barely misses you.
You hit the bat.
The bat is moderately wounded.
The bat hits you but does no damage. The bat closely misses you.
A kobold comes into view. It is wielding a +0 short sword.
The kobold shouts!
The bat closely misses you. The bat hits you but does no damage.
There is a stone staircase leading down here.
You hit the bat but do no damage.
The bat is moderately wounded.
The bat hits you but does no damage.
You barely miss the bat. The bat closely misses you. The bat barely misses you.
You closely miss the bat. The bat hits you but does no damage.
You barely miss the bat. You completely miss the kobold. The bat misses you.
The kobold barely misses you.
You hit the bat.
You kill the bat!
You hit the kobold but do no damage. The kobold closely misses you.
You closely miss the kobold. The kobold barely misses you.
You barely miss the kobold. The kobold closely misses you. x2
You hit the kobold but do no damage. The kobold barely misses you.
You hit the kobold.
The kobold is moderately wounded.
The kobold hits you but does no damage.
You slash the kobold!
You kill the kobold!
No target in view!
You climb downwards.
Found 2 viscous amethyst potions.
There is a stone staircase leading up here.
Found an escape hatch in the floor.
A ribbon worm comes into view.
Found 12 gold pieces.
Found a stone staircase leading up.
You see here 2 viscous amethyst potions.
g - 2 viscous amethyst potions You hit the ribbon worm.
The ribbon worm is lightly wounded.
The ribbon worm expels a string of sticky webbing.
The stream of webbing hits you but does no damage.
You are caught in a web!
You struggle to detach yourself from the web.
The ribbon worm barely misses you.
The web tears apart.
The ribbon worm misses you.
You hit the ribbon worm.
The ribbon worm is lightly wounded.
The ribbon worm bites you.
You hit the ribbon worm.
The ribbon worm is moderately wounded.
You hit the ribbon worm.
The ribbon worm is heavily wounded.
The ribbon worm expels a string of sticky webbing.
The stream of webbing misses you.
You hit the ribbon worm.
The ribbon worm is severely wounded.
The ribbon worm closely misses you.
You hit the ribbon worm.
You kill the ribbon worm!
You have reached level 3!
Your experience leads to an increase in your attributes!
Increase (S)trength, (I)ntelligence, or (D)exterity?
You feel stronger. x2
A kobold comes into view. It is wielding a +0 whip.
The kobold shouts!
You see here 12 gold pieces.
You now have 67 gold pieces (gained 12).
The kobold hits you with a +0 whip.
You hit the kobold but do no damage. The kobold misses you.
You hit the kobold.
The kobold is severely wounded.
The kobold hits you with a +0 whip.
You hit the kobold but do no damage.
The kobold is severely wounded.
The kobold closely misses you.
You hit the kobold.
You kill the kobold!
Training target 1.0 for Stealth reached!
Your Stealth skill increases to level 1!
No target in view!
Things that are here:
a +0 whip; 2 stones; a kobold corpse
Things that are here:
a +0 whip; 2 stones; a kobold corpse
h - 2 stones You open the door.
A goblin comes into view. It is wielding a +0 club.
The goblin shouts!
Found three items.
A ribbon worm comes into view.
Found 10 gold pieces.
The goblin barely misses you.
There is an open door here.
You hit the goblin.
You kill the goblin!
You see here a +0 club.
The ribbon worm barely misses you.
You hit the ribbon worm.
The ribbon worm is moderately wounded.
The ribbon worm bites you but does no damage.
You hit the ribbon worm but do no damage.
The ribbon worm is lightly wounded.
The ribbon worm closely misses you.
You hit the ribbon worm.
The ribbon worm is moderately wounded.
The ribbon worm barely misses you.
You hit the ribbon worm.
The ribbon worm is severely wounded.
The ribbon worm expels a string of sticky webbing.
The stream of webbing hits you but does no damage.
You are caught in a web!
The web tears apart.
The ribbon worm misses you.
You hit the ribbon worm but do no damage.
The ribbon worm is heavily wounded.
You hit the ribbon worm.
The ribbon worm is severely wounded.
The ribbon worm bites you.
You hit the ribbon worm.
The ribbon worm is almost dead.
The ribbon worm bites you but does no damage.
You hit the ribbon worm.
The ribbon worm is almost dead.
The ribbon worm bites you.
You hit the ribbon worm.
You kill the ribbon worm!
No target in view!
You now have 77 gold pieces (gained 10).
i - 2 fuming yellow potions
Found a leather armour.
j - an emerald potion
k - a scroll labelled CEOQOF RARRAOT
c - 2 potions of ambrosia (gained 1)
A goblin comes into view. It is wielding a +0 club.
The goblin shouts!
A goblin is nearby!
A goblin is nearby!
You barely miss the goblin. The goblin closely misses you.
You barely miss the goblin. The goblin hits you but does no damage.
The goblin closely misses you.
You completely miss the goblin. The goblin barely misses you.
You hit the goblin.
The goblin is heavily wounded.
The goblin completely misses you.
You hit the goblin but do no damage.
The goblin is heavily wounded.
The goblin barely misses you.
You hit the goblin.
You kill the goblin!
You see here a +0 club.
As you open the door, it creaks loudly!
A kobold comes into view. It is wielding a +0 short sword.
Found a dagger.
Found Micou's Antique Weapon Shop.
There is an open door here.
Found a stone staircase leading down.
You hit the kobold but do no damage.
The kobold hits you with a +0 short sword.
You barely miss the kobold. The kobold misses you.
The kobold barely misses you.
You hit the kobold.
The kobold is moderately wounded.
The kobold hits you but does no damage.
You slash the kobold!
You kill the kobold!
Things that are here:
a +0 short sword; a kobold corpse
There is an entrance to Micou's Antique Weapon Shop here.
You can access your shopping list by pressing '$'.
Unknown command.
You open the door.
There is a stone staircase leading down here.
You climb downwards.
The kobold shouts!
There is a stone staircase leading up here.
You climb upwards.
There is a stone staircase leading down here.
You open the door.
There is an open door here.
You open the door.
There is an open door here.
Found a scroll labelled GAUNLU ENWIKH.
l - a scroll labelled GAUNLU ENWIKH An adder comes into view.
The adder hisses angrily.
The adder bites you but does no damage.
You slash the adder!
The adder is severely wounded.
The adder bites you but does no damage.
You closely miss the adder.
The adder is severely wounded.
The adder barely misses you. The adder closely misses you.
You hit the adder.
The adder is almost dead.
The adder barely misses you.
You hit the adder.
You kill the adder!
Your Armour skill increases to level 1!
No target in view!
Found a stone staircase leading down.
There is a stone staircase leading down here.
You climb downwards.
There is a stone staircase leading up here.
You climb upwards.
There is a stone staircase leading down here.
Found a stone staircase leading up.
A giant cockroach comes into view.
Found a whip.
Found an escape hatch in the ceiling.
You hit the giant cockroach.
The giant cockroach is moderately wounded.
The giant cockroach closely misses you.
You hit the giant cockroach.
You kill the giant cockroach!
No target in view!
No target in view!
Found a club.
There is a stone staircase leading up here.
You climb upwards.
Found 3 large rocks.
There is a stone staircase leading down here.
You climb downwards.
There is a stone staircase leading up here.
You see here a +0 whip.
There is an open door here.
There is an open door here.
Found a glass ring.
An endoplasm comes into view.
The endoplasm quivers.
An endoplasm is nearby!
You see here a ring of see invisible.
Okay, then.
m - a ring of see invisible (left hand)
The endoplasm barely misses you.
Unknown command.
Unknown command.
You hit the endoplasm but do no damage. The endoplasm barely misses you.
Welcome back, jagoly the Gargoyle Monk.
Press ? for a list of commands and other information.
Unknown command.
You hit the endoplasm.
The endoplasm is heavily wounded.
The endoplasm hits you but does no damage.
You hit the endoplasm but do no damage.
The endoplasm is heavily wounded.
The endoplasm freezes you.
You are frozen.
You hit the endoplasm.
The endoplasm is almost dead.
The endoplasm hits you but does no damage.
You hit the endoplasm.
You kill the endoplasm!
No target in view!
You open the door.
Found a scroll labelled HIUKEG BISE.
There is an open door here.
n - a scroll labelled HIUKEG BISE You open the door.
A ball python comes into view.
The ball python hisses angrily.
There is an open door here.
You hit the ball python.
You kill the ball python!
No target in view!
You open the door.
Found 8 gold pieces.
There is an open door here.
Found a stone staircase leading down.
You now have 85 gold pieces (gained 8).
There is a stone staircase leading down here.
You climb downwards.
A malevolent force fills the Dungeon... and a teleportation trap spontaneously manifests!
You are yanked towards a nearby monster!
Your surroundings seem slightly different.
Found 2 scrolls labelled YVVOSTITOU.
Found an escape hatch in the floor.
The rat squeaks loudly.
You see here 2 scrolls labelled YVVOSTITOU.
Throw: 2 stones
Press: ? - help, Q - select action Shift-Dir - straight line, f - rat
Aim: a rat (54% to hit)
Okay, then.
o - 2 scrolls labelled YVVOSTITOU The rat twitches its whiskers.
The rat misses you.
You hit the rat.
The rat is severely wounded.
The rat misses you.
You hit the rat.
You kill the rat!
No target in view!
No target in view!
No target in view!
Found 2 ruby potions, a scroll labelled HIUKEG BISE and a sharpened brass wand.
p - a ruby potion
n - 2 scrolls labelled HIUKEG BISE (gained 1)
p - 2 ruby potions (gained 1)
q - a wand of quicksilver (7)
Found a fuming yellow potion.
You open the door.
There is an open door here.
i - 3 fuming yellow potions (gained 1)
You open the door.
There is an open door here.
A kobold comes into view. It is wielding a +0 club.
The kobold shouts!
The kobold moves out of view.
Found 6 curare-tipped darts.
You hit the kobold.
The kobold is heavily wounded.
The kobold hits you but does no damage.
You barely miss the kobold.
The kobold is heavily wounded.
The kobold hits you with a +0 club. The kobold closely misses you.
You hit the kobold.
You kill the kobold!
h - 6 stones (gained 4)
You see here a +0 club.
Found an escape hatch in the ceiling.
You see here 6 curare-tipped darts.
r - 6 curare-tipped darts HP restored.
Found a chain mail.
An orc wizard and an orc priest come into view.
The orc wizard points at you and mumbles some strange words.
The puff of flame hits you.
You hear a shout!
An orc priest comes into view. It is wielding a +0 dagger.
Unknown command.
You hit the orc priest.
The orc priest is moderately wounded.
The orc wizard casts a spell.
The orc wizard flickers and vanishes for a moment.
The orc priest barely misses you.
You hit the orc priest.
The orc priest is severely wounded.
The orc priest miscasts a cantrip.
The orc priest hits you with a +0 dagger.
You hit the orc priest.
You kill the orc priest!
The orc wizard casts a spell at you. You resist with significant effort.
You have reached level 4!
You feel clever.
Throw: 6 darts (curare)
Press: ? - help, Shift-Dir - straight line, f - orc priest
Aim: an orc priest, wielding a +0 dagger (haloed, 75% to hit)
You throw a curare-tipped dart.
The curare-tipped dart barely misses the orc priest.
You hit the orc wizard.
The orc wizard is moderately wounded.
The orc priest calls down the wrath of Beogh upon you.
Beogh smites you!
You barely miss the orc wizard.
The orc wizard is moderately wounded.
The orc wizard hits you but does no damage.
You hit the orc priest but do no damage.
You hit the orc wizard.
The orc wizard hits you with a +0 dagger.
* * * LOW HITPOINT WARNING * * *
The orc priest completely misses you.
The orc wizard hits you but does no damage.
The orc priest begins to cast a cantrip, but forgets the words!
You hit the orc priest.
The orc priest is lightly wounded.
You hit the orc wizard but do no damage.
The orc wizard hits you but does no damage.
The orc priest hits you but does no damage.
You barely miss the orc priest.
The orc priest is lightly wounded.
You hit the orc wizard. The orc wizard closely misses you.
The orc priest hits you but does no damage.
You slash the orc priest!
The orc priest is heavily wounded.
You hit the orc wizard. The orc wizard closely misses you.
The orc priest barely misses you.
You barely miss the orc priest.
The orc priest is heavily wounded.
You hit the orc wizard but do no damage.
The orc wizard hits you but does no damage.
The orc priest hits you with a +0 dagger.
* * * LOW HITPOINT WARNING * * *
You hit the orc priest.
The orc priest is severely wounded.
You barely miss the orc wizard.
The orc wizard hits you with a +0 dagger.
* * * LOW HITPOINT WARNING * * *
The orc priest closely misses you.
You barely miss the orc priest.
The orc priest is severely wounded.
You hit the orc wizard but do no damage.
The orc wizard misses you.
The orc priest miscasts a cantrip.
You hit the orc priest but do no damage.
The orc priest is severely wounded.
You hit the orc wizard but do no damage.
The orc wizard hits you with a +0 dagger.
* * * LOW HITPOINT WARNING * * *
The orc priest calls down the wrath of Beogh upon you.
Beogh smites you!
You die...

#............. #....#####.
#............. #..........
####......o# .....#..........
#..........#.........<.......
#..........#..........###....
#..........<..........# #
#..........##+##....... ##
#####.....(##.####..... .
#######..o@.## #.....# # ##
#.........o..# ....... #...
#............#.......###.##
#........#...# .........
#........##+#######....#...
#####..................+...
#........##...#....##..
#....)...##...#'#####..
.........#................


You could see an orc priest and an orc wizard (invisible).

Vanquished Creatures
  An orc priest (D:3)
  An adder (D:2)
  2 ribbon worms (D:2)
  2 endoplasms
  2 giant cockroaches
  4 goblins
  A hobgoblin (D:1)
  2 quokkas (D:1)
  5 ball pythons
  4 bats (D:1)
  2 frilled lizards (D:1)
  6 kobolds
  2 rats
34 creatures vanquished.

Notes
Turn   | Place    | Note
-------+----------+-------------------------------------------
     0 | D:1      | jagoly the Gargoyle Monk began the quest for the Orb.
     0 | D:1      | Reached XP level 1. HP: 14/14 MP: 1/1
    55 | D:1      | Reached XP level 2. HP: 17/19 MP: 2/2
   223 | D:2      | Reached XP level 3. HP: 20/23 MP: 3/3
   233 | D:2      | Reached skill level 1 in Stealth
   281 | D:2      | Found Micou's Antique Weapon Shop.
   333 | D:2      | Reached skill level 1 in Armour
   570 | D:3      | Reached XP level 4. HP: 25/29 MP: 4/4
   580 | D:3      | Killed from afar by an orc priest

Illustrated notes

Levels and vault maps discovered:
D:1:      wander_arrival_chamber, layout_rooms, ebering_ecumenical_altar_rust
D:2:      layout_basic, serial_glass, glass_columns_a, glass_columns_a,
          serial_shops, shop, basic_altar
D:3:      layout_basic, kennysheep_okawaru_gauntlet, nzn_wu_jian_contemplation

Skill      XL: |  1  2  3 |
---------------+----------+-----
Axes           | 3 |  3.5
Stealth        | 1 |  1.0
Armour         | 1 |  1.4
Fighting       | |  3.8
Dodging        | |  2.8

Action                     |  1- 3 |  4- 6 || total
---------------------------+-------+-------++-------
  Melee: Hand axe          |    98 |    10 ||   108
  Throw: Dart              |       |     1 ||     1
 Armour: Robe              |    40 |    10 ||    50
  Dodge: Dodged            |    72 |     6 ||    78
